 Dungeon Crawl Stone Soup version 0.25.1-2-g60ff931df9 (webtiles) character file.

Game seed: 3440314396565643984

831 DogServant the Firebug (level 7, 0/39 HPs)
             Began as a Deep Elf Fire Elementalist on Oct 22, 2020.
             Shot with an arrow by a centaur (7 damage)
             ... on level 5 of the Dungeon.
             The game lasted 00:08:55 (7008 turns).

DogServant the Firebug (Deep Elf Fire Elementalist) Turns: 7008, Time: 00:08:56

Health: 0/39       AC:  2    Str:  5    XL:     7   Next: 65%
Magic:  13/13      EV: 14    Int: 22    God:
Gold:   278        SH:  0    Dex: 15    Spells: 4/12 levels left

rFire    . . .     SeeInvis .   m - +3 short sword
rCold    . . .     Gourm    .   (no shield)
rNeg     . . .     Faith    .   a - +0 robe
rPois    .         Spirit   .   (no helmet)
rElec    .         Reflect  .   (no cloak)
rCorr    .         Harm     .   (no gloves)
MR       .....                  (no boots)
Stlth    ++........             (no amulet)
HPRegen  0.13/turn              (no ring)
MPRegen  0.13/turn              (no ring)

@: very slightly contaminated
A: no striking features
a: no special abilities


You were on level 5 of the Dungeon.
You were not hungry.

You visited 1 branch of the dungeon, and saw 5 of its levels.
You also visited: Sewer.

You collected 278 gold pieces.

Inventory:

Hand Weapons
 m - a +3 short sword (weapon)
Armour
 a - a +0 robe (worn)
Scrolls
 d - a scroll of enchant weapon {unknown}
 h - a scroll of blinking
 i - 2 scrolls of remove curse
 k - 6 scrolls of teleportation {unknown}
 l - 2 scrolls of amnesia {unknown}
Potions
 b - a potion of might
 f - 2 potions of stabbing
 g - a potion of brilliance
 j - a potion of flight
 n - 3 potions of degeneration
 o - a potion of magic {unknown}
Comestibles
 c - 3 rations


   Skills:
 + Level 1.7 Fighting
 + Level 3.9 Dodging
 - Level 2.4 Stealth
 - Level 3.0 Spellcasting
 - Level 6.0 Conjurations
 - Level 7.0 Fire Magic


You had 4 spell levels left.
You knew the following spells:

 Your Spells              Type           Power        Failure   Level  Hunger
a - Foxfire               Conj/Fire      ####         1%          1    None
b - Conjure Flame         Conj/Fire      ####....     2%          3    ###....
c - Sticky Flame          Conj/Fire      ####....     9%          4    ####...

Your spell library contained the following spells:

 Spells                   Type           Power        Failure   Level  Hunger
 Inner Flame              Hex/Fire       ###.....     9%          3    ###....
 Confusing Touch          Hex            #.......     36%         3    ###....
 Gell's Gravitas          Tloc           #.........   36%         3    ###....
 Petrify                  Tmut/Erth      #.......     77%         4    ####...
 Fireball                 Conj/Fire      ####......   24%         5    ######.
 Metabolic Englaciation   Hex/Ice        #.........   98%         5    ######.
 Yara's Violent Unravell  Hex/Tmut       #.........   98%         5    ######.


Dungeon Overview and Level Annotations

Branches:
Dungeon (5/15)              Sewer (visited)
 Temple: D:4-7

Altars:
Cheibriados
Elyvilon
Gozag
Uskayaw
Xom

Shops:
D:4 ?


Message History

The centaur shouts!
The centaur wields a +0 shortbow of freezing.
It is covered in frost.
The centaur shoots an arrow.
The arrow hits you! The arrow freezes you.
The centaur shoots an arrow.
The arrow hits you.
* * * LOW HITPOINT WARNING * * *
The arrow freezes you.
* * * LOW HITPOINT WARNING * * *
You see here 2 arrows.
Okay, then.
Blink to where?
Press: ? - help, Dir - move target cursor You are very lightly contaminated with residual magic.
As you read the scroll of blinking, it crumbles to dust.
Found 12 gold pieces.
Okay, then.
Okay, then.
As you read the scroll labeled JITODW KOF NAU, it crumbles to dust.
You feel blessed for a moment.
It was a scroll of remove curse.
The centaur shoots an arrow.
The arrow hits you!
You die...

#.#.#.#.# #.#.#
..#.#s# #.#.#.
##.#.#.# #.#.#.#
#.#c#.#.#.#.#.#.
##.#.#.#.#.#.#.#
######.#.#.#)#.#.#.#c
#.....#.#.#.#.#.#.#.#
#.#..#.#.#)#.#.#.#.#
#.@##.#.#.#.#5#s#
#..#.#.#.#.#.#.#.#
....##[#.#.#.#.#.#.#
#....#.).############
######.### #.....#
#.##### #.#### #....#


You could see a centaur and a scorpion.

Vanquished Creatures
  A sky beast (D:5)
  A phantom (D:3)
  A crocodile (Sewer)
  Blork the orc (D:5)
  An orc priest (D:4)
  A gnoll shaman (D:5)
  A centaur skeleton (D:4)
  2 worker ants (D:4)
  Natasha (thrice) (D:2)
  A hound skeleton (D:4)
  4 gnolls
  14 adders
  3 river rats (D:4)
  4 worms
  2 leopard geckos
  12 orcs
  5 giant cockroaches
  2 goblins
  10 hobgoblins
  2 jackals (Sewer)
  11 kobolds
  2 ball pythons
  8 bats
  5 frilled lizards
  9 rats
106 creatures vanquished.

Vanquished Creatures (others)
  346 foxfires
346 creatures vanquished.

Grand Total: 452 creatures vanquished

Notes
Turn   | Place    | Note
-------+----------+-------------------------------------------
     0 | D:1      | DogServant the Deep Elf Fire Elementalist began the quest
                  | for the Orb.
     0 | D:1      | Reached XP level 1. HP: 10/10 MP: 6/6
   278 | D:1      | Reached XP level 2. HP: 15/15 MP: 5/8
   569 | D:1      | Reached skill level 4 in Fire Magic
   658 | D:1      | Reached XP level 3. HP: 19/19 MP: 5/9
  1191 | D:2      | Noticed Natasha
  1197 | D:2      | Killed Natasha
  1536 | D:2      | Reached XP level 4. HP: 20/24 MP: 5/10
  1646 | D:2      | Learned a level 3 spell: Conjure Flame
  1718 | D:2      | Found a white marble altar of Elyvilon.
  1959 | D:2      | Noticed Natasha
  1973 | D:2      | Killed Natasha
  2111 | D:2      | Noticed Natasha
  2118 | D:2      | Killed Natasha
  2118 | D:2      | Reached skill level 5 in Fire Magic
  2118 | D:2      | Reached XP level 5. HP: 28/28 MP: 5/11
  2249 | D:2      | Found an opulent altar of Gozag.
  2642 | D:2      | Found a white marble altar of Elyvilon.
  2729 | D:2      | Found an opulent altar of Gozag.
  3740 | D:3      | Found a shimmering altar of Xom.
  4363 | D:3      | Noticed a phantom
  4371 | D:3      | Learned a level 4 spell: Sticky Flame
  4391 | D:3      | Killed a phantom
  4391 | D:3      | Reached XP level 6. HP: 32/32 MP: 1/12
  4605 | D:4      | Found a hide-covered altar of Uskayaw.
  4630 | D:4      | Reached skill level 5 in Conjurations
  4630 | D:4      | Reached skill level 6 in Fire Magic
  4942 | D:4      | Found Niericha's Magic Scroll Shop.
  5022 | D:4      | Found a glowing drain.
  5031 | Sewer    | Entered a sewer
  5301 | Sewer    | Reached XP level 7. HP: 36/36 MP: 7/13
  5604 | D:4      | Found a snail-covered altar of Cheibriados.
  6493 | D:5      | Entered Level 5 of the Dungeon
  6547 | D:5      | Reached skill level 7 in Fire Magic
  6642 | D:5      | Noticed Blork the orc
  6658 | D:5      | Killed Blork the orc
  6658 | D:5      | Reached skill level 1 in Fighting
  7008 | D:5      | Shot with an arrow by a centaur

Illustrated notes

Levels and vault maps discovered:
D:1:      lightli_arrival_chessboard, layout_basic, serial_bayou_crossing
D:2:      layout_basic, marbit_many_paths, elyvilon_altar_4, uniq_natasha
D:3:      layout_basic, lemuel_doored_altar
D:4:      layout_basic, eat_drink_and_be_merry_uskayaw, lemuel_crystal_altar,
          lightli_sewer_entry_pipes, serial_shops, shop, kennysheep_nondescript
D:5:      layout_basic, grunt_temple_overflow_order_and_chaos_2, first_ration,
          uniq_blork_the_orc

Skill      XL: |  1  2  3  4  5  6  7 |
---------------+----------------------+-----
Conjurations   | 2 3 4 5 6 |  6.0
Fire Magic     | 4 5 6 7 |  7.0
Dodging        | 3 |  3.9
Fighting       | 1 |  1.7
Stealth        | |  2.4
Spellcasting   | |  3.0

Action                   |  1- 3 |  4- 6 |  7- 9 || total
-------------------------+-------+-------+-------++-------
Melee: Short sword       |       |     2 |    24 ||    26
 Cast: Foxfire           |    62 |   130 |    37 ||   229
       Sticky Flame      |       |     1 |     5 ||     6
  Use: Scroll            |       |     7 |     5 ||    12
  Eat: Chunk             |     2 |     4 |     1 ||     7
       Ration            |       |     2 |     2 ||     4
Armor: Robe              |    10 |     9 |     3 ||    22
Dodge: Dodged            |    25 |    52 |    34 ||   111
